 Dungeon Crawl Stone Soup version 0.17-a0-1596-g1e86911 (console) character file.

214 FIQ the Chopper (level 5, -2/47 HPs)
             Began as a Draconian Berserker on July 30, 2015.
             Was a Priest of Trog.
             Slain by an orc
             ... wielding a +2 dagger of electrocution
              (18 damage)
             ... on level 4 of the Dungeon.
             The game lasted 00:09:43 (2250 turns).

FIQ the Chopper (Draconian Berserker)               Turns: 2250, Time: 00:09:43

Health: -2/47      AC:  7    Str: 23    XL:     5   Next: 60%
Magic:  5/5        EV: 13    Int:  7    God:    Trog [***...]
Gold:   119        SH:  0    Dex: 12    Spells: 0 memorised, 4 levels left

rFire  . . .     SeeInvis .     q - +0 war axe
rCold  . . .     Clarity  .     (armour unavailable)
rNeg   . . .     SustAt   .     (no shield)
rPois  .         Gourm    .     (helmet restricted)
rElec  .         Spirit   .     g - +0 cloak
rCorr  .         Warding  .     h - +0 pair of gloves
rMut   .         Rnd*Tele +     (no boots)
MR     .....                    o - amulet of regeneration (curse)
Stlth  +.........               k - ring of teleportation (curse)
                                i - +4 ring of strength

@: exhausted, slowed, very slow, not resistant to hostile enchantments, very
unstealthy
A: unfitting armour, cold-blooded, AC +5
a: Burn Spellbooks, Berserk, Trog's Hand, Renounce Religion, Evoke Teleportation


You were on level 4 of the Dungeon.
You worshipped Trog.
Trog was most pleased with you.
You were hungry.

You visited 1 branch of the dungeon, and saw 4 of its levels.

You collected 119 gold pieces.

Inventory:

Hand weapons
 q - a +0 war axe (weapon)
Armour
 g - a +0 cloak (worn)
 h - a +0 pair of gloves (worn)
Jewellery
 d - an uncursed ring of flight
 e - an uncursed ring of stealth
 i - a +4 ring of strength (left hand)
 k - a cursed ring of teleportation (right hand)
 m - an uncursed ring of protection from cold
 o - a cursed amulet of regeneration (around neck)
Magical devices
 a - a wand of fire (3)
Potions
 f - a potion of agility
 l - a potion of invisibility
 n - a potion of curing
Comestibles
 b - 5 bread rations
 c - 4 meat rations
 j - a beef jerky


   Skills:
 + Level 4.5 Fighting
 * Level 4.9 Axes
 + Level 3.7 Dodging


You had 4 spell levels left.
You didn't know any spells.

Dungeon Overview and Level Annotations

Branches:
Dungeon (4/15)
 Temple: D:4-7

Altars:
Ashenzari
Trog


Innate Abilities, Weirdness & Mutations

Your plain brown scales are hard (AC +5).
Your body does not fit into most forms of armour.
You are cold-blooded and may be slowed by cold attacks.


Message History

Things that are here:
a hand axe; an orc corpse You are no longer berserk.
You are exhausted.
You feel yourself slow down.
You are feeling hungry.
Unknown command.
Things that are here:
a dagger; a robe Eat which item? (? for menu, Esc to quit)
You can't eat that!
The orc hits you with a dagger of electrocution.
The orc hits you but does no damage.
Items here: )) †† a club x2 an orc corpse x2
You hit the orc but do no damage.
The orc hits you with a dagger of electrocution.
You are electrocuted!
You die...

#. #. ### ..
l.# #o ###.#
#. ##...#
##.###. #....#
+......#####.#
#.o@.)..# #
......%#)#####
######?#
.#.....#.#
#.....!#
#.....#..
#.######
#.....#### #.#
#..... #<#
#..... ###
#.....


You could see an orc.

Vanquished Creatures
  Ijyb (D:3)
  An orc priest (D:4)
  An orc wizard (D:4)
  Jessica (D:3)
  4 adders
  2 worms
  A giant gecko (D:3)
  4 orcs
  A ball python (D:3)
  7 bats
  3 giant cockroaches
  8 goblins
  6 hobgoblins
  4 giant newts
  6 kobolds
  A quokka (D:2)
  12 rats
63 creatures vanquished.

Notes
Turn   | Place    | Note
--------------------------------------------------------------
     0 | D:1      | FIQ the Draconian Berserker began the quest for the Orb.
     0 | D:1      | Reached XP level 1. HP: 19/19 MP: 1/1
   213 | D:1      | Reached XP level 2. HP: 22/27 MP: 2/2
   280 | D:1      | Acquired Trog's second power
   749 | D:2      | Reached XP level 3. HP: 29/33 MP: 3/3
   971 | D:2      | Found a bloodstained altar of Trog.
  1220 | D:2      | Reached skill level 4 in Fighting
  1575 | D:3      | Reached XP level 4. HP: 38/40 MP: 4/4
  1684 | D:3      | Found a shattered altar of Ashenzari.
  1711 | D:3      | Noticed Jessica
  1738 | D:3      | Killed Jessica
  1991 | D:3      | Noticed Ijyb
  1997 | D:3      | HP: 1/40 [Ijyb/wand of fire (21)]
  2010 | D:3      | HP: 2/40 [Ijyb/wand of fire (9)]
  2017 | D:3      | Killed Ijyb
  2017 | D:3      | Reached XP level 5. HP: 6/46 MP: 5/5
  2250 | D:4      | Slain by an orc

Vault maps used:
D:1:      matt_arrival_debris, serial_bayou, serial_bayou_pond_e,
          serial_bayou_pond_d, serial_bayou_shore_b, serial_bayou_lagoon_a
D:2:      overflow_temple_1_default
D:3:      first_bread, moated_statue, ashenzari_altar_1, uniq_iyjb, uniq_jessica
D:4:      serial_shops, shop

Action                   |  1- 3 |  4- 6 || total
-------------------------+-------+-------++-------
Melee: Hand axe          |   131 |    31 ||   162
       War axe           |       |    38 ||    38
Invok: Berserk           |       |     2 ||     2
  Use: Scroll            |     6 |     2 ||     8
       Potion            |     1 |     2 ||     3
 Stab: Sleeping          |       |     1 ||     1
  Eat: Chunk             |     2 |     4 ||     6
